 Dungeon Crawl Stone Soup version 0.29-a0-96-g93358da72b (webtiles) character file.

Game seed: 9644953787796594853

62 cyrus the Poker (level 4, -1/37 HPs)
             Began as a Merfolk Fighter on Feb 11, 2022.
             Slain by a ball python (2 damage)
             ... on level 3 of the Dungeon.
             The game lasted 00:03:53 (2223 turns).

cyrus the Poker (Merfolk Fighter)                   Turns: 2223, Time: 00:03:55

Health: -1/37      AC:  7    Str: 18    XL:     4   Next: 8%
Magic:  4/4        EV:  6    Int:  7    God:
Gold:   12         SH:  5    Dex: 13    Spells: 3/3 levels left

rFire   . . .      SeeInvis .   a - +0 trident
rCold   . . .      Faith    .   c - +0 buckler
rNeg    . . .      Spirit   .   b - +0 scale mail
rPois   .          Reflect  .   (no helmet)
rElec   .          Harm     .   (no cloak)
rCorr   .          Rampage  .   e - +0 pair of gloves
Will    .....                   (no boots)
Stlth   ..........              (no amulet)
HPRegen 0.12/turn               (no ring)
MPRegen 0.09/turn               (no ring)

@: lethally poisoned (-1 -> -15), constricted
A: (nimble swimmer 2), mertail
a: no special abilities


You were on level 3 of the Dungeon.
You visited 1 branch of the dungeon, and saw 3 of its levels.

You collected 12 gold pieces.

Inventory:

Hand Weapons
 a - a +0 trident (weapon)
Armour
 b - a +0 scale mail (worn)
 c - a +0 buckler (worn)
 e - a +0 pair of gloves (worn)
Scrolls
 d - a scroll of identify {unknown}
 g - a scroll of fog {unknown}
 h - a scroll of vulnerability {unknown}
 i - a scroll of blinking {unknown}
 j - a scroll of immolation {unknown}
Potions
 f - a potion of degeneration {unknown}


   Skills:
 + Level 3.7 Fighting
 + Level 4.0 Polearms
 + Level 2.5 Armour
 + Level 1.3 Dodging
 + Level 3.5 Shields


You had 3 spell levels left.
You didn't know any spells.
Your spell library contained the following spells:

 Spells                   Type           Power      Damage    Failure   Level
 Ensorcelled Hibernation  Hex/Ice        0%         N/A       96%         2
 Spider Form              Tmut/Pois      0%         N/A       99%         3
 Anguish                  Hex/Necr       0%         N/A       100%        4


Dungeon Overview and Level Annotations

Branches:
Dungeon (3/15)

Altars:
Gozag
Nemelex Xobeh


Innate Abilities, Weirdness & Mutations

((You are very nimble when in or above water. (Stealth+, EV+, Speed+++)))
Your lower body shifts to a powerful aquatic tail in water.


Message History

You hit the scorpion.
The scorpion is lightly wounded.
The scorpion stings you but does no damage.
The ball python closely misses you. The ball python constricts you.
The scorpion stings you!
You hit the scorpion but do no damage.
The scorpion is lightly wounded.
The ball python bites you but does no damage.
The ball python constricts you. The scorpion stings you!
You barely miss the scorpion.
The scorpion is lightly wounded.
You block the ball python's attack. The ball python constricts you.
The scorpion barely misses you.
The ball python bites you but does no damage.
The ball python constricts you.
You hit the scorpion but do no damage.
The scorpion is lightly wounded.
You block the scorpion's attack.
The ball python bites you but does no damage.
The ball python constricts you. The scorpion stings you!
You are poisoned.
The scorpion poisons you!
You hit the scorpion.
The scorpion is heavily wounded.
You feel sick. The ball python barely misses you.
The ball python constricts you.
* * * LOW HITPOINT WARNING * * *
The scorpion stings you.
* * * LOW HITPOINT WARNING * * *
You are lethally poisoned!
The scorpion poisons you! The ball python bites you.
* * * LOW HITPOINT WARNING * * *
The ball python constricts you.
You hit the scorpion.
The scorpion is severely wounded.
* * * LOW HITPOINT WARNING * * *
You feel very sick.
The scorpion stings you but does no damage.
The ball python bites you.
You die...

#.# #.# #.# #.#
#.# #.# ###.#
#.# ....# ##.#
###.# #+##..#
#.# #..##### #.#
##S...# #.#
###@s...# #.#
##..##..#######
#.# +...)#
##.....## #.#
#....# #.###..#
#.# ##.†##
#......# #.#
##'# #......#
#.# #..#
###....# #.#
#.## #....#.#
###.#
##.######....#.#


You could see a scorpion and a ball python.

Vanquished Creatures
  An adder (D:3)
  4 orcs (D:3)
  3 endoplasms
  2 giant cockroaches (D:1)
  2 goblins
  2 hobgoblins (D:1)
  5 jackals
  6 kobolds
  3 quokkas (D:1)
  5 ball pythons
  4 bats
  3 frilled lizards
  6 rats
46 creatures vanquished.

Notes
Turn   | Place    | Note
-------+----------+-------------------------------------------
     0 | D:1      | cyrus the Merfolk Fighter began the quest for the Orb.
     0 | D:1      | Reached XP level 1. HP: 18/18 MP: 1/1
   178 | D:1      | Reached XP level 2. HP: 4/24 MP: 2/2
   876 | D:1      | Reached XP level 3. HP: 29/29 MP: 3/3
   887 | D:1      | Reached skill level 1 in Dodging
  1158 | D:2      | You fall into a shaft and drop 1 floor!
  1695 | D:3      | Found a sparkling altar of Nemelex Xobeh.
  1696 | D:3      | Found an opulent altar of Gozag.
  2099 | D:3      | Reached XP level 4. HP: 37/37 MP: 4/4
  2208 | D:3      | Noticed a scorpion
  2215 | D:3      | Reached skill level 4 in Polearms
  2223 | D:3      | HP: 1/37 [poisoned by a scorpion]
  2223 | D:3      | Slain by a ball python

Illustrated notes

Levels and vault maps discovered:
D:1:      dpeg_arrival_rooms_with_view, layout_basic
D:2:      layout_rooms, chequers_ecumenical_altar_simple_redux,
          uniq_crazy_yiuf_cottage
D:3:      minmay_bubble_buster, layout_loops_ring,
          grunt_temple_overflow_opulence, hangedman_decor_push

Skill      XL: |  1  2  3  4 |
---------------+-------------+-----
Dodging        | 1 |  1.3
Polearms       | 4 |  4.0
Fighting       | |  3.7
Armour         | |  2.5
Shields        | |  3.5

Action                   |  1- 3 |  4- 6 || total
-------------------------+-------+-------++-------
Melee: Trident           |   147 |    20 ||   167
  Use: Potion            |     1 |       ||     1
Armor: Scale mail        |   107 |    16 ||   123
Dodge: Dodged            |    65 |    14 ||    79
Block: Buckler           |    46 |     7 ||    53

Table legend: (Time is in decaauts)
 A = Elapsed time spent in this place.
 B = Non-inter-level travel time spent in this place.
 C = Inter-level travel time spent in this place.
 D = Time resting spent in this place.
 E = Time spent auto-exploring this place.
 F = Levels seen in this place.
 G = Mean time per level.
                   A        B        C        D        E       F      G
               +--------+--------+--------+--------+--------+-----+--------+
         Total |   2247 |   2247 |      0 |    715 |   1077 |   3 |  749.0 |
       Dungeon |   2247 |   2247 |      0 |    715 |   1077 |   3 |  749.0 |
               +--------+--------+--------+--------+--------+-----+--------+

Top non-repeatable levels by time:
     D:1: 1165 daAuts
     D:3: 1074 daAuts
     D:2: 7 daAuts
